[Event "Titled Tuesday Blitz November 29 Early 2022"]
[White "Xiong, Jeffery"]
[Black "Caruana, Fabiano"]
[WhiteFideId "2047640"]
[BlackFideId "2020009"]
[WhiteElo "2725"]
[BlackElo "2847"]
[Result "1-0"]
[Round "10"]
[TimeControl "180+1"]
[Date "2022.11.29"]
[WhiteClock "0:01:37"]
[BlackClock "0:01:45"]

1. e4 c5 2. Nf3 Nc6 3. Nc3 e5 4. Bc4 g6 5. h4 h6 6. a3 Bg7 7. b4 d6 8. d3 Nf6 9. bxc5 dxc5 10. a4 O-O 11. Nd5 Bg4 12. Ne3 Bd7 13. h5 g5 14. Nh2 Na5 15. Ba2 Rc8 16. Bd2 c4 17. Bxa5 Qxa5+ 18. Kf1 cxd3 19. cxd3 Rfd8 20. Bc4 Qc3 21. Rc1 Bxa4 22. Rxc3 Bxd1 23. Nxd1 b5 24. Bxb5 1-0


[Site "https://www.chess.com"]

[Event "Titled Tuesday Blitz November 29 Early 2022"]
[White "Yano, William Jorge Froes"]
[Black "Kuznetsov, Mikhail"]
[WhiteFideId "2112949"]
[BlackFideId "4117190"]
[WhiteElo "2122"]
[BlackElo "1981"]
[Result "0-1"]
[Round "10"]
[TimeControl "180+1"]
[Date "2022.11.30"]
[WhiteClock "0:00:44"]
[BlackClock "0:00:21"]

1. e4 c6 2. Nc3 d5 3. Qf3 dxe4 4. Nxe4 Nf6 5. Bc4 Nbd7 6. d4 Nb6 7. Nxf6+ exf6 8. Bd3 Bd6 9. Ne2 O-O 10. Bd2 Be6 11. O-O Re8 12. b3 Nd5 13. c4 Ne7 14. Nf4 Bxf4 15. Bxf4 Ng6 16. Be3 Qd7 17. Qg3 Rad8 18. Rad1 Bf5 19. Be2 Bc2 20. Rd2 Be4 21. h4 Bf5 22. Rfd1 Qe6 23. d5 cxd5 24. cxd5 Qe5 25. Qxe5 fxe5 26. Bb5 Bd7 27. Bxd7 Rxd7 28. h5 Ne7 29. Bxa7 Red8 30. d6 Nc8 31. Bc5 f6 32. a4 Kf7 33. a5 Ke6 34. b4 Nxd6 35. Bb6 Nc4 36. Rxd7 Rxd7 37. Rxd7 Kxd7 38. Bc5 g6 39. hxg6 hxg6 40. Kf1 Kc6 41. Ke2 Kb5 42. Kd3 f5 43. f3 Nb2+ 44. Kc3 Na4+ 45. Kd3 Nxc5+ 46. bxc5 Kxc5 47. g4 Kb5 48. gxf5 gxf5 49. Kc3 Kxa5 50. Kc4 b5+ 51. Kd5 e4 52. fxe4 fxe4 53. Kxe4 Ka4 54. Kd3 Ka3 55. Kc2 b4 56. Kb1 Kb3 57. Ka1 Kc2 58. Ka2 b3+ 59. Ka3 b2 60. Ka4 b1=Q 0-1


[Site "https://www.chess.com"]

[Event "Titled Tuesday Blitz November 29 Early 2022"]
[White "Yeremyan, Alen"]
[Black "Ibarra Jerez, Jose Carlos"]
[WhiteFideId "13308998"]
[BlackFideId "2226332"]
[WhiteElo "2159"]
[BlackElo "2638"]
[Result "1-0"]
[Round "10"]
[TimeControl "180+1"]
[Date "2022.11.29"]
[WhiteClock "0:00:12"]
[BlackClock "0:00:06"]

1. c4 e5 2. g3 Nf6 3. Bg2 c6 4. Nf3 e4 5. Nd4 Qb6 6. Nc2 d5 7. cxd5 cxd5 8. O-O Nc6 9. d3 Be7 10. Nc3 O-O 11. dxe4 dxe4 12. Nxe4 Nxe4 13. Bxe4 Rd8 14. Qe1 Bf6 15. Rb1 Re8 16. Be3 Qa6 17. Bd3 Qxa2 18. Nb4 Nxb4 19. Qxb4 Bh3 20. Bc4 a5 21. Qb5 Bd7 22. Qd5 Qa4 23. Qxf7+ Kh8 24. Bd3 Bb5 25. b3 Qb4 26. Bd2 Qc5 27. Rbc1 Qb6 28. Be3 Qa6 29. Rfd1 Bxd3 30. Rxd3 b5 31. Rc7 a4 32. bxa4 bxa4 33. Bc5 Qa5 34. Rf3 Qa6 35. Kg2 Qe6 36. Qxe6 Rxe6 37. Kf1 h6 38. Ra3 Bb2 39. Ra2 a3 40. Ra7 Rxa7 41. Bxa7 Rc6 42. Be3 Kg8 43. Ke1 Kf7 44. Kd1 Ke6 45. Bd2 Kd5 46. Bb4 Ra6 47. Kc2 Kc4 48. Bf8 h5 49. Rxb2 axb2 50. Bxg7 Re6 51. e3 Rb6 52. Bxb2 Rb5 53. Bd4 Ra5 54. f4 Ra2+ 55. Bb2 Kd5 56. Kb3 Ra8 57. h3 Ke4 58. Bd4 Rg8 59. g4 Rxg4 60. hxg4 hxg4 61. f5 g3 62. f6 g2 63. f7 g1=Q 64. f8=Q Qb1+ 65. Ka4 Qa2+ 66. Qa3 Qc4+ 67. Qb4 Qa6+ 68. Kb3 Qd3+ 69. Kb2 Qe2+ 70. Kc1 Qf1+ 71. Kb2 Qe2+ 72. Ka3 Qd3+ 73. Qb3 Qa6+ 74. Kb2 Qe2+ 75. Qc2+ Qd3 76. Qxd3+ Kxd3 77. Kc1 Ke4 78. Kd2 Kd5 79. Kd3 1-0


[Site "https://www.chess.com"]

[Event "Titled Tuesday Blitz November 29 Early 2022"]
[White "Zaksaite, Salomeja"]
[Black "Tasev, Dejan"]
[WhiteFideId "12801496"]
[BlackFideId "936618"]
[WhiteElo "2079"]
[BlackElo "2256"]
[Result "0-1"]
[Round "10"]
[TimeControl "180+1"]
[Date "2022.11.30"]
[WhiteClock "0:00:06"]
[BlackClock "0:01:08"]

1. e4 c6 2. d4 d5 3. exd5 cxd5 4. Bd3 Nc6 5. c3 g6 6. h3 Bf5 7. Be2 h5 8. Nf3 Bxb1 9. Rxb1 Nf6 10. O-O e6 11. b4 Ne4 12. Qb3 g5 13. b5 Na5 14. Qa4 Nxc3 15. Qc2 Nxb1 16. Qxb1 g4 17. Ne5 gxh3 18. g3 Bd6 19. Bf4 Rc8 20. Qd1 h4 21. Bh5 Rc7 22. Qg4 Qf6 23. gxh4 Rxh5 24. Qxh5 Qxf4 25. Qh8+ Ke7 0-1


[Site "https://www.chess.com"]

[Event "Titled Tuesday Blitz November 29 Early 2022"]
[White "Zaloznyy, Mike"]
[Black "Levitan, Caleb Levi"]
[WhiteFideId "2023075"]
[BlackFideId "14332620"]
[WhiteElo "2126"]
[BlackElo "1963"]
[Result "1-0"]
[Round "10"]
[TimeControl "180+1"]
[Date "2022.11.30"]
[WhiteClock "0:00:08"]
[BlackClock "0:00:00"]

1. Nf3 Nf6 2. b3 d5 3. Bb2 Bf5 4. e3 e6 5. c4 c5 6. cxd5 exd5 7. Bb5+ Nc6 8. Ne5 Qc7 9. Bxc6+ bxc6 10. O-O Bd6 11. f4 O-O 12. Nc3 Bxe5 13. fxe5 Qxe5 14. Na4 Qe4 15. Nxc5 Qg4 16. h3 Qg6 17. Bxf6 gxf6 18. Qf3 Be4 19. Nxe4 dxe4 20. Qxf6 Rad8 21. Qxg6+ hxg6 22. Rf2 Rd6 23. Rc1 Rfd8 24. Rc2 f5 25. Kf1 Kg7 26. g4 fxg4 27. hxg4 Rh8 28. Rc4 Re8 29. Ke2 Re5 30. Rf4 Red5 31. Rc2 Re6 32. Ke1 g5 33. Rf5 Rxf5 34. gxf5 Rf6 35. Rc5 g4 36. Re5 Kh6 37. Kf2 Kg5 38. Kg3 Rxf5 39. Rxe4 Rf3+ 40. Kg2 Rf6 41. Re7 Kh4 42. Rh7+ Kg5 43. Rxa7 Rd6 44. Ra5+ Kh4 45. d4 Re6 46. Re5 Rf6 47. Re8 1-0


[Site "https://www.chess.com"]

[Event "Titled Tuesday Blitz November 29 Early 2022"]
[White "Zatonskih, Anna"]
[Black "Leve, Nitai"]
[WhiteFideId "14101572"]
[BlackFideId "2006898"]
[WhiteElo "2362"]
[BlackElo "2144"]
[Result "1-0"]
[Round "10"]
[TimeControl "180+1"]
[Date "2022.11.30"]
[WhiteClock "0:00:42"]
[BlackClock "0:00:10"]

1. e4 c6 2. d4 d5 3. Nc3 dxe4 4. Nxe4 Bf5 5. Ng3 Bg6 6. Nh3 Nf6 7. Nf4 e6 8. h4 Bd6 9. c3 Qc7 10. Qf3 Nbd7 11. h5 Bf5 12. Nxf5 exf5 13. Bd3 O-O-O 14. Bxf5 Rde8+ 15. Kf1 g6 16. Bd3 g5 17. Ne2 g4 18. Qf5 g3 19. fxg3 Rhg8 20. Bf4 Ng4 21. Rh4 Ne3+ 22. Bxe3 Rxe3 23. g4 Kb8 24. Rh3 Rge8 25. Rxe3 Rxe3 26. Kg1 Qd8 27. Rf1 Qh4 28. Nf4 Qg3 29. Qxd7 Bxf4 30. Qd8# 1-0


[Site "https://www.chess.com"]

[Event "Titled Tuesday Blitz November 29 Early 2022"]
[White "Zhigalko, Sergei"]
[Black "Jobava, Baadur"]
[WhiteFideId "13502956"]
[BlackFideId "13601520"]
[WhiteElo "2662"]
[BlackElo "2582"]
[Result "0-1"]
[Round "10"]
[TimeControl "180+1"]
[Date "2022.11.29"]
[WhiteClock "0:00:01"]
[BlackClock "0:00:42"]

1. e4 c6 2. d4 d5 3. e5 Bf5 4. Nf3 e6 5. Be2 h6 6. O-O Ne7 7. Nbd2 Bh7 8. Nb3 Ng6 9. c4 dxc4 10. Bxc4 Nd7 11. Qe2 Be7 12. Bd2 Rc8 13. Na5 b6 14. Nb3 O-O 15. Rfe1 Re8 16. Rac1 Bf8 17. Bd3 a5 18. Rcd1 a4 19. Nc1 b5 20. Qe4 Nb6 21. h4 Be7 22. h5 Nf8 23. Qg4 Kh8 24. Ba5 Ra8 25. Bxb6 Qxb6 26. Qf4 Kg8 27. Be4 Rac8 28. Nd3 c5 29. dxc5 Bxc5 30. Bxh7+ Nxh7 31. Nxc5 Qxc5 32. Rd7 Re7 33. Rxe7 Qxe7 34. Rd1 Ng5 35. Nxg5 Qxg5 36. Qxg5 hxg5 37. Rd7 Rc2 38. b3 Rxa2 39. bxa4 bxa4 40. Rd8+ Kh7 41. Rd7 Re2 42. Rxf7 Rxe5 43. Ra7 Re4 44. f3 Rb4 0-1


[Site "https://www.chess.com"]

[Event "Titled Tuesday Blitz November 29 Early 2022"]
[White "Zivkovic, Nemanja"]
[Black "Mogranzini, Roberto"]
[WhiteFideId "942154"]
[BlackFideId "810894"]
[WhiteElo "2372"]
[BlackElo "2469"]
[Result "1-0"]
[Round "10"]
[TimeControl "180+1"]
[Date "2022.11.30"]
[WhiteClock "0:00:12"]
[BlackClock "0:00:25"]

1. e4 c5 2. Nf3 Nc6 3. Bb5 Qc7 4. c3 a6 5. Bd3 d6 6. h3 Nf6 7. O-O e5 8. Re1 Be7 9. a4 O-O 10. Na3 Rb8 11. Bc4 h6 12. d4 cxd4 13. cxd4 Bd7 14. dxe5 Nxe5 15. Bb3 Rfe8 16. Bf4 Bf8 17. Rc1 Qa5 18. Nxe5 dxe5 19. Nc4 Qb4 20. Bxe5 Rbd8 21. Bxf6 gxf6 22. Qf3 Be6 23. a5 Rc8 24. Rc3 Bxc4 25. Qxf6 1-0


[Site "https://www.chess.com"]

[Event "Titled Tuesday Blitz November 29 Early 2022"]
[White "sabkeIXO"]
[Black "Mohammed, Dilshad"]
[BlackFideId "5050421"]
[WhiteElo "2483"]
[BlackElo "2102"]
[Result "1-0"]
[Round "10"]
[TimeControl "180+1"]
[Date "2022.11.30"]
[WhiteClock "0:00:47"]
[BlackClock "0:00:01"]

1. e4 e5 2. Nf3 Nc6 3. d4 exd4 4. Bc4 Nf6 5. e5 d5 6. Bb5 Ne4 7. Nxd4 Bc5 8. Be3 O-O 9. Nxc6 bxc6 10. Bxc5 Nxc5 11. Bxc6 Rb8 12. Qxd5 Qe7 13. O-O Rxb2 14. Nc3 Rxc2 15. Qf3 Qxe5 16. Nd5 Ne6 17. Rfe1 Qd6 18. Rad1 Kh8 19. Ba4 Rxa2 20. Nc3 Rd2 21. Rc1 Rd3 22. Ne4 Qd4 23. Qe2 Nf4 24. Qc2 Bb7 25. Bc6 Bxc6 26. Qxc6 f5 27. Ng5 Rd2 28. Qf3 h6 29. Ne6 Nxe6 30. Rxe6 Rd3 31. Qe2 Rd2 32. Qf3 Rd3 33. Re3 Rxe3 34. fxe3 Qd2 35. Rxc7 Re8 36. h3 Qxe3+ 37. Qxe3 Rxe3 38. Rxa7 Kh7 39. Kf2 Rb3 40. Ra6 Rb5 41. Rc6 Ra5 42. Kf3 Rb5 43. Kf4 g6 44. Rc7+ Kg8 45. g3 1-0


[Site "https://www.chess.com"]

[Event "Titled Tuesday Blitz November 29 Early 2022"]
[White "Abasov, Nijat"]
[Black "Yeremyan, Alen"]
[WhiteFideId "13402960"]
[BlackFideId "13308998"]
[WhiteElo "2546"]
[BlackElo "2159"]
[Result "1-0"]
[Round "11"]
[TimeControl "180+1"]
[Date "2022.11.29"]
[WhiteClock "0:00:42"]
[BlackClock "0:00:25"]

1. Nf3 Nf6 2. d4 g6 3. g3 Bg7 4. Bg2 O-O 5. O-O d5 6. c4 dxc4 7. Na3 a5 8. Nxc4 a4 9. Bf4 c6 10. Rc1 Be6 11. a3 Bd5 12. Qd2 Nbd7 13. Rfd1 Re8 14. Bh6 Bh8 15. Qf4 Qb8 16. Qh4 b5 17. Nce5 Qb7 18. Nxd7 Nxd7 19. e4 Bb3 20. Rd2 e5 21. Be3 Bg7 22. Bh3 exd4 23. Bxd4 Bxd4 24. Rxd4 Ne5 25. Nxe5 Rxe5 26. Qf6 Re7 27. Rxc6 Rae8 28. Bg2 Be6 29. e5 Rc7 30. Rd8 Re7 31. Rxe8+ Rxe8 32. Rxe6 1-0


[Site "https://www.chess.com"]

[Event "Titled Tuesday Blitz November 29 Early 2022"]
[White "Ambartsumova, Karina"]
[Black "Gurevich, Dmitry"]
[WhiteFideId "4166299"]
[BlackFideId "2000407"]
[WhiteElo "2319"]
[BlackElo "2506"]
[Result "1-0"]
[Round "11"]
[TimeControl "180+1"]
[Date "2022.11.30"]
[WhiteClock "0:00:19"]
[BlackClock "0:00:10"]

1. Nf3 Nf6 2. g3 d5 3. d4 Bf5 4. Bg2 e6 5. c4 c6 6. Qb3 Qb6 7. c5 Qxb3 8. axb3 Nbd7 9. Bf4 h6 10. h4 a6 11. b4 Rc8 12. Nbd2 Be7 13. Nb3 Bd8 14. Na5 Bxa5 15. bxa5 Ne4 16. Ra4 Ra8 17. Rb4 Ra7 18. Nd2 Nxd2 19. Kxd2 f6 20. Bd6 Kd8 21. f3 e5 22. e4 Be6 23. Rf1 Re8 24. Rf2 exd4 25. Rxd4 dxe4 26. Rxe4 Ne5 27. Bxe5 fxe5 28. Rxe5 Bd5 29. Rfe2 Rxe5 30. Rxe5 Ra8 31. Ke3 Rc8 32. Bh3 Rc7 33. f4 Rf7 34. h5 Rf6 35. Bf5 Bf7 36. g4 Be8 37. g5 Rf8 38. Bg4 Bd7 39. Bxd7 Kxd7 40. Ke4 hxg5 41. fxg5 Rf2 42. Rf5 Re2+ 43. Kf3 1-0


[Site "https://www.chess.com"]

[Event "Titled Tuesday Blitz November 29 Early 2022"]
[White "Arabidze, Meri"]
[Black "Pinheiro, Iung Alicio de O."]
[WhiteFideId "13604040"]
[BlackFideId "2104350"]
[WhiteElo "2403"]
[BlackElo "2283"]
[Result "1-0"]
[Round "11"]
[TimeControl "180+1"]
[Date "2022.11.30"]
[WhiteClock "0:00:25"]
[BlackClock "0:00:03"]

1. Nf3 c5 2. e3 e6 3. b3 b6 4. Bb2 Bb7 5. d4 Nf6 6. Bd3 cxd4 7. exd4 Bb4+ 8. c3 Be7 9. O-O O-O 10. Nbd2 d6 11. c4 Nbd7 12. Qe2 Re8 13. Rfe1 Bf8 14. Rad1 a6 15. Bb1 Qc7 16. Qd3 Rad8 17. Ng5 g6 18. Qh3 Bg7 19. Qg3 e5 20. d5 Nh5 21. Qh3 Nf8 22. Qd3 Bc8 23. f3 Bh6 24. Nge4 f5 25. Ng3 Nf4 26. Qc3 Bg7 27. b4 Re7 28. Qb3 h5 29. Ne2 Nxe2+ 30. Rxe2 h4 31. h3 Bh6 32. Nf1 Kh7 33. Bc1 Bxc1 34. Rxc1 a5 35. a3 Nd7 36. Ne3 Nf6 37. Rec2 f4 38. Ng4 Rf8 39. c5 Bd7 40. cxd6 Qxd6 41. Rc6 Bxc6 42. Rxc6 Qd8 43. Nxf6+ Kg7 44. Ng4 Rf5 45. Bxf5 gxf5 46. Nf2 Rd7 47. bxa5 bxa5 48. Rc5 Rd6 49. Nd3 e4 50. Nxf4 Qg5 51. Qb7+ 1-0


[Site "https://www.chess.com"]

[Event "Titled Tuesday Blitz November 29 Early 2022"]
[White "Averjanov, Alexey"]
[Black "Poltorak, Sebastian"]
[WhiteFideId "14109867"]
[BlackFideId "1199498"]
[WhiteElo "2641"]
[BlackElo "2196"]
[Result "1-0"]
[Round "11"]
[TimeControl "180+1"]
[Date "2022.11.30"]
[WhiteClock "0:01:41"]
[BlackClock "0:00:16"]

1. d4 Nf6 2. c4 g6 3. Nc3 d5 4. cxd5 Nxd5 5. e4 Nxc3 6. bxc3 Bg7 7. Nf3 c5 8. Be3 Qa5 9. Qd2 Nc6 10. Rc1 cxd4 11. cxd4 Qxd2+ 12. Kxd2 e6 13. Bb5 O-O 14. Rhd1 Rd8 15. Ke2 Bd7 16. d5 exd5 17. Rxd5 a6 18. Ba4 Be6 19. Rxd8+ Rxd8 20. Bb3 Bxb3 21. axb3 Rd7 22. Rd1 Rxd1 23. Kxd1 Kf8 24. Kc2 Bf6 25. Kd3 Ke7 26. Kc4 Kd6 27. Bf4+ Ne5+ 28. Kd4 Ke6 29. Bxe5 Bd8 30. Bg3 Bb6+ 31. Kc4 Bd8 32. Nd4+ Kd7 33. Kd5 b5 34. Nc6 Bb6 35. Nb8+ Kc8 36. Nxa6 Kb7 37. Nc5+ Kc8 38. Kc6 Ba5 39. Kxb5 Be1 40. f3 f5 41. Bxe1 1-0


[Site "https://www.chess.com"]

[Event "Titled Tuesday Blitz November 29 Early 2022"]
[White "Bai, Adelard"]
[Black "Oro, Faustino"]
[WhiteFideId "16301188"]
[BlackFideId "20000197"]
[WhiteElo "2299"]
[BlackElo "2066"]
[Result "1-0"]
[Round "11"]
[TimeControl "180+1"]
[Date "2022.11.30"]
[WhiteClock "0:02:03"]
[BlackClock "0:01:14"]

1. d4 Nf6 2. c4 e6 3. Nf3 b6 4. g3 Bb7 5. Bg2 Be7 6. O-O O-O 7. Re1 d5 8. cxd5 exd5 9. Nc3 Nbd7 10. Bf4 c6 11. Ne5 Re8 12. Rc1 Nf8 13. e4 dxe4 14. Nxe4 Nd5 15. Qf3 Bf6 16. Bg5 Re6 17. Bh3 Be7 18. Qxf7+ Kh8 19. Bxe6 Nxe6 20. Qxe6 Bxg5 21. Nf7+ 1-0


[Site "https://www.chess.com"]

[Event "Titled Tuesday Blitz November 29 Early 2022"]
[White "Balabayeva, Xeniya"]
[Black "Tsatsalashvili, Keti"]
[WhiteFideId "13719688"]
[BlackFideId "13603434"]
[WhiteElo "2041"]
[BlackElo "2220"]
[Result "1-0"]
[Round "11"]
[TimeControl "180+1"]
[Date "2022.11.30"]
[WhiteClock "0:00:09"]
[BlackClock "0:00:07"]

1. e4 c5 2. Nf3 d6 3. Bb5+ Bd7 4. Bxd7+ Nxd7 5. O-O Ngf6 6. Re1 e6 7. c3 Be7 8. d4 d5 9. e5 Ne4 10. Nbd2 Nxd2 11. Bxd2 O-O 12. Bf4 Rc8 13. Qd2 Qa5 14. dxc5 Qxc5 15. Rad1 Qa5 16. Nd4 a6 17. Re3 Qxa2 18. Rg3 g6 19. Bh6 Rfe8 20. Qf4 Qa4 21. Re1 Bf8 22. Rh3 Qc4 23. Bg5 Qc7 24. Qh4 h5 25. Nf3 Bg7 26. g4 Qc4 27. Nd4 Nxe5 28. gxh5 gxh5 29. Qxh5 Ng6 30. Bh6 Qc7 31. Bxg7 Kxg7 32. Qh6+ Kg8 33. Rg3 Qd7 34. Ree3 Qd6 35. Nf5 Qf8 36. Rxg6+ fxg6 37. Qxg6+ 1-0


[Site "https://www.chess.com"]

[Event "Titled Tuesday Blitz November 29 Early 2022"]
[White "Barash, Anton"]
[Black "Kulkarni, Vikramaditya"]
[WhiteFideId "30935229"]
[BlackFideId "5009847"]
[WhiteElo "2327"]
[BlackElo "2273"]
[Result "0-1"]
[Round "11"]
[TimeControl "180+1"]
[Date "2022.11.30"]
[WhiteClock "0:00:01"]
[BlackClock "0:00:05"]

1. e4 e6 2. d4 d5 3. Nc3 Nf6 4. Bg5 Be7 5. e5 Ng8 6. h4 h6 7. Bxe7 Nxe7 8. Qg4 O-O 9. O-O-O b6 10. f4 a5 11. h5 Ba6 12. Rh3 Nbc6 13. Bxa6 Rxa6 14. Nf3 f5 15. Qh4 b5 16. g4 fxg4 17. Qxg4 Nf5 18. Rg1 Qe7 19. Nxb5 Nb4 20. a3 Nxc2 21. Nh4 Ncxd4 22. Nxd4 Nxd4 23. Kb1 Rf7 24. Rhg3 Rb6 25. Ka1 Nc2+ 26. Ka2 Qd7 27. Nf3 d4 28. Nxd4 Nxd4 29. Ka1 Nc2+ 30. Ka2 Qd5+ 31. Kb1 Nxa3+ 32. Ka1 Nc2+ 33. Kb1 Qd7 34. Kxc2 a4 35. Rd1 Rc6+ 36. Rc3 Rxc3+ 37. bxc3 Qe7 38. Qf3 Rf8 39. Qc6 a3 40. Ra1 Qf7 41. Rxa3 Qf5+ 42. Kb2 Qxf4 43. Qxe6+ Kh8 0-1


[Site "https://www.chess.com"]

[Event "Titled Tuesday Blitz November 29 Early 2022"]
[White "Bashirli, Saadat"]
[Black "sabkeIXO"]
[WhiteFideId "13429990"]
[WhiteElo "1408"]
[BlackElo "2489"]
[Result "0-1"]
[Round "11"]
[TimeControl "180+1"]
[Date "2022.11.30"]
[WhiteClock "0:00:02"]
[BlackClock "0:00:24"]

1. d4 Nf6 2. c4 g6 3. Nc3 Bg7 4. e4 d6 5. Bg5 O-O 6. Be2 Na6 7. Nf3 c5 8. d5 Nc7 9. O-O h6 10. Bf4 a6 11. Qd2 Kh7 12. e5 Nh5 13. Be3 b5 14. cxb5 axb5 15. Nxb5 Nxb5 16. Bxb5 Bg4 17. Bc6 Rb8 18. exd6 exd6 19. Rab1 Bxf3 20. gxf3 Qh4 21. b3 Be5 22. f4 Nxf4 23. Kh1 Qg4 24. Bxf4 Bxf4 25. Qd3 Rb4 26. h3 Qh4 27. a3 Rd4 28. Qf3 Be5 29. a4 Rf4 30. Qe3 Qh5 31. Kg2 Rb8 32. a5 Rbb4 33. a6 Rg4+ 34. Kh1 Rbe4 35. Qd3 Rh4 36. Bd7 f5 37. Kg2 Reg4+ 38. hxg4 Qxg4+ 39. Qg3 Bxg3 40. fxg3 Rh3 41. Rf3 h5 42. a7 h4 43. a8=Q Rxg3+ 44. Rxg3 Qxg3+ 45. Kf1 Qd3+ 46. Kf2 Qxb1 47. Qe8 Qc2+ 48. Kf1 Qd3+ 49. Kf2 Qd4+ 50. Kf1 Qf4+ 51. Kg1 Kh6 52. Qh8+ Kg5 53. Qd8+ Kg4 54. Qe8 g5 55. Qg8 Kg3 56. Qe6 Qf2+ 57. Kh1 Qh2# 0-1


[Site "https://www.chess.com"]

[Event "Titled Tuesday Blitz November 29 Early 2022"]
[White "Baskakov, Egor"]
[Black "Sadubayev, Airat"]
[WhiteFideId "24197866"]
[BlackFideId "13713264"]
[WhiteElo "2211"]
[BlackElo "2160"]
[Result "0-1"]
[Round "11"]
[TimeControl "180+1"]
[Date "2022.11.29"]
[WhiteClock "0:00:03"]
[BlackClock "0:00:06"]

1. e4 c6 2. d4 d5 3. e5 Bf5 4. Ne2 e6 5. Ng3 Bg6 6. h4 h5 7. Bd3 Bxd3 8. cxd3 Qb6 9. Ne2 Ne7 10. Nd2 Nf5 11. Nf3 c5 12. dxc5 Bxc5 13. d4 Bb4+ 14. Kf1 Nc6 15. a3 Be7 16. Qd3 Rc8 17. b4 a6 18. Kg1 Qb5 19. Qd1 a5 20. bxa5 Qxa5 21. Ng3 Nxg3 22. fxg3 O-O 23. Bg5 Qc3 24. Rc1 Qxa3 25. Kh2 Rc7 26. Bxe7 Rxe7 27. Ng5 g6 28. Rf1 Qe3 29. Rf4 Ra8 30. Rb1 Qa3 31. Rb3 Qa2 32. Rbf3 Qa1 33. Qd3 Qa6 34. Qc2 Qa2 35. Qc5 Qa5 36. Qc2 Qa2 37. Qd1 Qa1 38. Qe2 Nxd4 39. Rxd4 Qxd4 40. Qc2 Rf8 41. Qe2 Qc4 42. Qe3 Qg4 43. Rf4 Qd1 44. Rd4 Qc2 45. Qf3 Qf5 46. Rf4 Qxe5 47. Rf6 Kg7 48. Rf4 Kg8 49. Rf6 d4 50. Rf4 b5 51. Ne4 f5 52. Ng5 Rd8 53. Qf1 d3 54. Rf2 d2 55. Qd1 Qe1 56. Qb3 d1=Q 0-1


[Site "https://www.chess.com"]

[Event "Titled Tuesday Blitz November 29 Early 2022"]
[White "Berezin, Viktor"]
[Black "Ingebretsen, Jens E"]
[WhiteFideId "14107872"]
[BlackFideId "1522965"]
[WhiteElo "2310"]
[BlackElo "2213"]
[Result "1/2-1/2"]
[Round "11"]
[TimeControl "180+1"]
[Date "2022.11.30"]
[WhiteClock "0:00:24"]
[BlackClock "0:00:13"]

1. Nf3 d6 2. c4 e5 3. d3 f5 4. Nc3 Nf6 5. g3 g6 6. Bg2 Bg7 7. O-O O-O 8. Rb1 c6 9. b4 Be6 10. Ne1 Nbd7 11. b5 Qc7 12. Nc2 f4 13. Nb4 e4 14. Bxf4 Nh5 15. Bd2 Nc5 16. Nxe4 Nxe4 17. Bxe4 Bh3 18. Bg2 Bxg2 19. Kxg2 Qd7 20. e4 cxb5 21. Nd5 bxc4 22. dxc4 b6 23. Bc3 Bxc3 24. Nxc3 Rac8 25. Qd5+ Kh8 26. h3 Rc5 27. Qd4+ Qg7 28. Qxg7+ Nxg7 29. Nb5 Rxc4 30. Nxd6 Rc2 31. Rbc1 Rxa2 32. Rc7 Ne6 33. Re7 Nd4 34. e5 Nc6 35. Re6 Re2 36. Nc4 b5 37. Rxc6 bxc4 38. Rxc4 Rxe5 39. Ra4 a5 40. Rfa1 Re2 41. R1a2 Rxa2 42. Rxa2 Ra8 43. Ra4 Kg7 44. Kf3 Kf6 45. Ke4 Ke6 46. f4 h5 47. g4 h4 48. f5+ gxf5+ 49. gxf5+ Kf6 50. Kf4 Ra7 51. Kg4 Ra6 52. Kf4 Ra8 53. Kg4 Ke5 54. Kg5 Rg8+ 55. Kxh4 Kxf5 56. Rxa5+ Kf4 57. Ra4+ Kf5 58. Ra5+ Kf4 59. Ra4+ Kf3 60. Ra3+ Kg2 61. Ra4 Rh8+ 62. Kg5 Rxh3 63. Ra2+ Kf1 64. Ra1+ Ke2 65. Ra2+ Kd1 66. Ra1+ Kc2 67. Ra5 Rb3 68. Rf5 Kd2 69. Rd5+ Ke3 70. Rf5 Rb8 71. Re5+ Kd4 72. Rf5 Ke4 73. Rf4+ Ke3 74. Rf5 Rg8+ 75. Kf6 Ke4 76. Re5+ Kd4 77. Re7 Rg1 78. Rd7+ Ke4 79. Re7+ Kd5 80. Rd7+ Kc6 81. Re7 Kd6 82. Re6+ Kd5 83. Re2 Rf1+ 84. Kg5 Kd6 85. Re8 Kd7 86. Re2 Kd6 87. Kg4 Kd5 88. Kg5 Kd4 89. Kg4 Kd3 90. Re8 Rf7 91. Kg5 1/2-1/2


[Site "https://www.chess.com"]

[Event "Titled Tuesday Blitz November 29 Early 2022"]
[White "Blokhin, Sofia"]
[Black "Vargas, Mauricio"]
[WhiteFideId "4508190"]
[BlackFideId "4404572"]
[WhiteElo "2005"]
[BlackElo "2025"]
[Result "1-0"]
[Round "11"]
[TimeControl "180+1"]
[Date "2022.11.30"]
[WhiteClock "0:01:42"]
[BlackClock "0:01:03"]

1. e4 d5 2. exd5 Qxd5 3. Nc3 Qa5 4. Nf3 c6 5. d4 Nf6 6. Bd2 Qc7 7. Bd3 Bg4 8. h3 Bh5 9. g4 Bg6 10. Bxg6 hxg6 11. Ne5 Nbd7 12. Bf4 Qb6 13. g5 Nh5 14. Nxd7 Kxd7 15. Qg4+ e6 16. O-O-O Rd8 17. Be5 Bd6 18. Bxd6 Kxd6 19. Ne4+ Ke7 20. Nc5 Qc7 21. Kb1 Rd5 22. Rhe1 Re8 23. Nxe6 fxe6 24. Qxe6+ Kd8 25. Qxe8# 1-0


[Site "https://www.chess.com"]

[Event "Titled Tuesday Blitz November 29 Early 2022"]
[White "Bogaudinov, Rushan"]
[Black "Shuvalov, Evgenij"]
[WhiteFideId "4129288"]
[BlackFideId "4187237"]
[WhiteElo "1997"]
[BlackElo "2049"]
[Result "0-1"]
[Round "11"]
[TimeControl "180+1"]
[Date "2022.11.30"]
[WhiteClock "0:00:01"]
[BlackClock "0:00:18"]

1. d4 Nf6 2. g3 d5 3. Bg2 Bf5 4. Nf3 e6 5. O-O h6 6. c4 c6 7. Nc3 Nbd7 8. Bf4 Be7 9. Ne5 Nxe5 10. Bxe5 O-O 11. Qb3 Qb6 12. Qxb6 axb6 13. cxd5 exd5 14. Rfc1 b5 15. f3 Nd7 16. e4 dxe4 17. Nxe4 Nxe5 18. dxe5 Bxe4 19. fxe4 Rfd8 20. Rc2 Kf8 21. Kf2 Bb4 22. Ke2 Ke7 23. a3 Ba5 24. Ke3 Bb6+ 25. Kf4 Rd3 26. h4 Be3+ 27. Kg4 Bd4 28. Rf1 Bxe5 29. Rf3 Rd6 30. Kh3 Rad8 31. Bf1 Rf6 32. Kg2 Rd1 33. Rxf6 Kxf6 34. Rf2+ Ke7 35. Kf3 Rb1 36. Kg4 Bxb2 37. Bd3 Rd1 38. Rf3 Be5 39. Kf5 Kd6 40. h5 Rg1 41. g4 Ra1 42. Bc2 c5 43. Rd3+ Bd4 44. e5+ Ke7 45. Bb3 Re1 46. e6 fxe6+ 47. Kg6 e5 48. Rd2 e4 49. Bd5 e3 50. Rc2 b6 51. Bf3 Rf1 52. Be4 Rf6+ 53. Kh7 Rf4 54. Bd3 c4 55. Be2 Rf2 56. Kg6 Kd6 57. g5 hxg5 58. Kxg5 Kc5 59. Kg6 Rg2+ 60. Kf5 c3 61. Ke4 Rh2 62. Kd3 Rh4 63. Ra2 b4 64. axb4+ Kxb4 65. Ra7 Kb3 66. Rd7 c2 67. Rc7 Bc5 0-1


[Site "https://www.chess.com"]

[Event "Titled Tuesday Blitz November 29 Early 2022"]
[White "Bok, Benjamin"]
[Black "Andreikin, Dmitry"]
[WhiteFideId "1017063"]
[BlackFideId "4158814"]
[WhiteElo "2658"]
[BlackElo "2736"]
[Result "0-1"]
[Round "11"]
[TimeControl "180+1"]
[Date "2022.11.29"]
[WhiteClock "0:00:01"]
[BlackClock "0:01:21"]

1. d4 f5 2. g3 Nf6 3. Bg2 e6 4. c4 Be7 5. Nc3 O-O 6. Nf3 d6 7. O-O Qe8 8. Re1 Qh5 9. e4 fxe4 10. Nxe4 Nc6 11. Nxf6+ Bxf6 12. Be3 e5 13. dxe5 dxe5 14. Ng5 Bg4 15. Qd5+ Kh8 16. Ne4 a6 17. Qd3 Rad8 18. Qb3 Nd4 19. Bxd4 exd4 20. Qxb7 d3 21. h3 Be2 22. Bf1 Bd4 23. Bxe2 dxe2 24. Qb3 Rf3 25. Qc2 Bxf2+ 26. Kg2 Bxe1 27. Rxe1 Re3 28. Nd2 h6 29. b3 c5 30. g4 0-1


[Site "https://www.chess.com"]